AoeStats
← NuMa | Gacha

Oasis

509217422Analyzed
4v4 RM · 8d ago on Sep 25, 2026· 50m 14s· 8 players
Game mode
Random Map
Map size
Large (8 player)
Population
200
Speed
Normal
Resources
Standard
Victory
Conquest
Starting age
Dark Age
Ending age
Imperial Age
RankedLock teamsTeams togetherTeam positionsShared explorationLock speedFull tech treeHidden civsTurbo modeCheats
Victory
Defeat
🇸🇪 Mongols · Sweden
1547
+5
🇬🇧 Danes · United Kingdom
1160
+18
🇸🇪 Varangians · Sweden
1119
+18
🇸🇪 Danes · Sweden
1109
+19
🇨🇴 Jurchens · Colombia
1362
-22
🇨🇴 Britons · Colombia
1263
-17
🇨🇴 Lithuanians · Colombia
1140
-12
🇨🇴 Italians · Colombia
1063
-9
NuMa | Jomaro
9:13 Loom
12:18 Feudal Age
17:33 Double-Bit Axe
20:38 Wheelbarrow
19:59 Gold Mining
22:33 Castle Age
22:43 Stone Mining
22:36 Horse Collar
25:04 Gold Shaft Mining
24:22 Fletching
24:33 Padded Archer Armor
25:35 Fortified Wall
38:42 Hand Cart
NuMa | Ezio
10:42 Feudal Age
12:05 Town Watch
15:04 Castle Age
13:06 Double-Bit Axe
13:06 Horse Collar
16:48 Bow Saw
20:23 Heavy Plow
20:46 Loom
22:47 Wheelbarrow
23:53 Stone Mining
25:08 Fletching
26:31 Scale Barding Armor
26:37 Forging
29:10 Scale Mail Armor
29:45 Iron Casting
29:15 Man-at-Arms
30:15 Gambesons
31:08 Bodkin Arrow
34:06 Imperial Age
34:15 Chain Mail Armor
34:27 Squires
35:58 Blast Furnace
34:41 Elite Fire Lancer
35:14 Pikeman
39:25 Murder Holes
39:52 Ballistics
40:33 Chemistry
42:20 Conscription
NuMa | Gacha
6:54 Loom
9:49 Feudal Age
10:34 Double-Bit Axe
15:44 Fletching
17:23 Padded Archer Armor
18:23 Gold Mining
26:14 Castle Age
26:19 Crossbowman
27:26 Bodkin Arrow
NuMa | Reize
2:37 Loom
6:13 Loom
9:35 Feudal Age
10:12 Double-Bit Axe
15:13 Scale Barding Armor
16:05 Horse Collar
16:42 Forging
17:42 Bloodlines
22:53 Castle Age
21:47 Gold Mining
23:59 Chain Barding Armor
24:16 Husbandry
24:54 Iron Casting
35:14 Wheelbarrow
AncientLyre
8:28 Loom
10:43 Feudal Age
11:19 Double-Bit Axe
16:03 Castle Age
14:34 Forging
14:24 Scale Mail Armor
14:15 Arson
14:41 Horse Collar
18:35 Bow Saw
19:24 Scale Mail Armor
19:57 Squires
25:47 Iron Casting
25:28 Chain Mail Armor
25:06 Gambesons
27:45 Gold Mining
27:49 Stone Mining
37:51 Gold Shaft Mining
39:50 Imperial Age
38:19 Stone Shaft Mining
37:57 Fletching
40:28 Elite Jomsviking
42:23 Plate Mail Armor
43:23 Blast Furnace
46:33 Bodkin Arrow
47:41 Elite Varangian Guard
Wavedash
8:52 Loom
10:46 Feudal Age
10:46 Loom
15:08 Castle Age
13:29 Double-Bit Axe
14:33 Forging
17:11 Husbandry
21:11 Horse Collar
25:28 Bloodlines
25:41 Scale Barding Armor
28:28 Wheelbarrow
29:15 Iron Casting
30:07 Chain Barding Armor
32:54 Gold Mining
32:27 Vendel Legacy
34:09 Heavy Plow
34:21 Bow Saw
35:17 Hand Cart
38:05 Imperial Age
35:55 Fletching
38:06 Cavalier
40:20 Blast Furnace
39:22 Stone Mining
40:24 Plate Barding Armor
41:57 Town Watch
43:00 Town Patrol
43:27 Caravan
48:19 Conscription
49:25 Two-Man Saw
51:00 Stone Shaft Mining
50:58 Crop Rotation
J.D.Rehn
11:07 Feudal Age
12:10 Double-Bit Axe
16:38 Castle Age
14:35 Horse Collar
15:44 Scale Mail Armor
15:40 Gold Mining
17:55 Chain Mail Armor
17:35 Loom
18:13 Bow Saw
19:27 Squires
21:58 Gambesons
22:29 Arson
28:01 Wheelbarrow
29:57 Hand Cart
31:17 Forging
32:49 Iron Casting
KalasKula
5:59 Loom
8:35 Feudal Age
12:58 Wheelbarrow
13:08 Fletching
22:00 Castle Age
20:22 Horse Collar
20:32 Double-Bit Axe
22:38 Bodkin Arrow
22:04 Crossbowman
24:22 Ballistics
28:49 Bow Saw
30:51 Heavy Plow
31:26 Gold Mining
31:36 Stone Mining
32:58 Hand Cart
35:04 Stone Shaft Mining
38:22 Imperial Age
37:19 Padded Archer Armor
38:17 Husbandry
38:28 Bloodlines
38:24 Thumb Ring
39:17 Leather Archer Armor
39:05 Bracer
40:07 Chemistry
40:29 Conscription
39:57 Elite Mangudai
40:54 Leather Archer Armor
41:07 Parthian Tactics
41:37 Masonry
42:05 Drill
42:42 Siege Engineers
42:46 Capped Ram
43:43 Caravan
44:18 Siege Ram
Connection lost

Rejoining the realm…

Still unreachable

The connection could not be restored.

Session expired

The server has moved on; the page needs a fresh start.